 Dungeon Crawl Stone Soup version 0.29-a0-559-g359e09b9d1 (webtiles) character file.

Game seed: 6739714934387264490

73 vulpzor the Skirmisher (level 4, 0/35 HPs)
             Began as a Demonspawn Abyssal Knight on June 8, 2022.
             Was a Believer of Lugonu.
             Slain by an orc
             ... wielding a +0 hand axe
              (2 damage)
             ... on level 3 of the Dungeon on June 10, 2022.
             The game lasted 00:09:14 (1955 turns).

vulpzor the Skirmisher (Demonspawn Abyssal Knight)  Turns: 1955, Time: 00:09:15

Health: 0/35       AC:  6    Str: 15    XL:     4   Next: 8%
Magic:  6/6        EV: 11    Int: 12    God:    Lugonu [**....]
Gold:   102        SH:  0    Dex: 13    Spells: 1/3 levels left

rFire   . . .      SeeInvis .   a - +1 mace
rCold   . . .      Faith    .   (no shield)
rNeg    . . .      Spirit   .   g - +0 ring mail
rPois   .          Reflect  .   (no helmet)
rElec   .          Harm     .   f - +0 cloak
rCorr   .          Rampage  .   (no gloves)
Will    .....                   (no boots)
Stlth   +.........              (no amulet)
HPRegen 0.11/turn               (no ring)
MPRegen 0.20/turn               (no ring)

@: about to teleport
A: powered by death 1, magic regeneration, weakness stinger 1
a: Renounce Religion, Depart the Abyss, Bend Space


You were on level 3 of the Dungeon.
You worshipped Lugonu.
Lugonu was pleased with you.
You visited 1 branch of the dungeon, and saw 3 of its levels.
You visited the Abyss 1 time.

You collected 102 gold pieces.

Inventory:

Hand Weapons
 a - a +1 mace (weapon)
Missiles
 j - 2 throwing nets
Armour
 b - a +0 leather armour
 f - a +0 cloak (worn)
 g - a +0 ring mail (worn)
Magical Staves
 e - a staff of poison
Scrolls
 c - 2 scrolls of magic mapping
 i - a scroll of fog
 o - a scroll of vulnerability
Potions
 d - a potion of flight {unknown}
 h - a potion of might {unknown}
 k - a potion of brilliance {unknown}
 m - a potion of curing {unknown}
 n - 2 potions of heal wounds {unknown}


   Skills:
 + Level 3.4 Fighting
 + Level 2.3 Maces & Flails
 + Level 2.3 Armour
 + Level 1.7 Dodging
 + Level 3.3 Invocations


You had one spell level left.
You knew the following spells:

 Your Spells              Type           Power      Damage    Failure   Level
a - Poisonous Vapours     Pois/Air       0%         N/A       67%         2

Your spell library contained the following spells:

 Spells                   Type           Power      Damage    Failure   Level
 Animate Armour           Summ/Erth      0%         N/A       99%         4
 Corpse Rot               Necr/Pois/Air  0%         N/A       99%         4
 Blade Hands              Tmut           0%         N/A       100%        5
 Irradiate                Conj/Tmut      0%         3d13      100%        5
 Summon Forest            Summ/Tloc      0%         N/A       100%        5
 Summon Mana Viper        Hex/Summ       0%         N/A       100%        5
 Iron Shot                Conj/Erth      0%         9d1       100%        6
 Summon Cactus Giant      Summ           0%         N/A       100%        6
 Dragon Form              Tmut           0%         N/A       100%        7


Dungeon Overview and Level Annotations

Branches:
Dungeon (3/15)

Altars:
Elyvilon
Gozag

Shops:
D:3 =


Innate Abilities, Weirdness & Mutations

You regenerate a little health from kills.
You regenerate magic rapidly.
You have a small tail.


Message History

An orc priest and an orc come into view.
The orc priest shouts!
The orc shouts!
The orc hits you but does no damage. x2
You barely miss the orc. The orc hits you with a +0 hand axe.
The orc misses you.
The orc priest calls down the wrath of Beogh upon you.
Beogh smites you!
The quokka bites you but does no damage.
The orc barely misses you. The quokka barely misses you. The quokka bites you.
The quokka attacks as you move away!
The quokka bites you but does no damage.
The orc priest looks satisfied for a moment.
The orc attacks as you move away! The orc hits you but does no damage.
The orc attacks as you move away! The orc hits you but does no damage.
You open the door. The quokka bites you. The orc hits you with a +0 hand axe.
The quokka barely misses you. The quokka attacks as you move away!
The quokka bites you.
* * * LOW HITPOINT WARNING * * *
There is an open door here.
The quokka attacks as you move away! The quokka barely misses you.
You closely miss the quokka. The quokka bites you.
* * * LOW HITPOINT WARNING * * *
The orc priest begins to cast a cantrip, but forgets the words!
You thump the quokka!
You kill the quokka!
Lugonu accepts your kill.
Okay, then.
You barely miss the orc. The orc hits you with a +0 hand axe.
* * * LOW HITPOINT WARNING * * *
The orc barely misses you.
Okay, then.
As you read the scroll of teleportation, it crumbles to dust.
You feel strangely unstable. The orc barely misses you.
The orc closely misses you. The orc attacks as you move away!
The orc hits you but does no damage.
You closely miss the orc. Your punch misses the orc. The orc barely misses you.
The orc hits you but does no damage. x2; The orc hits you with a +0 hand axe.
You die...

..#.#.###....##.#.##.....# #....
................#........####.#.#
#.#..<.......##..........+.......
#.#.#..............##....####.#.#
#.#.###.......#....##....# #.#+#
#.....'.......#...######## #....
#######.†.....+.........#####....
#.......#o..##.............
#......ooo@.....######.....
#.....o.##.................
###.....o.##......######....#
#........###..#...........#.#
#........# .....#########.#.#
#....†...# .....# # ## #.#.#
#........# ...... . ..#.#.#
#........##.....## #.#.#.#.#
#........# ##+##.#.#.#..


You could see an orc priest and 4 orcs.

Vanquished Creatures
  An adder (D:3)
  A worm (D:3)
  3 dart slugs
  3 bats
  7 endoplasms
  3 giant cockroaches
  4 goblins
  7 hobgoblins
  5 kobolds
  2 quokkas
  6 ball pythons
  3 frilled lizards
  5 rats
50 creatures vanquished.

Notes
Turn   | Place    | Note
-------+----------+-------------------------------------------
     0 | Abyss:1  | vulpzor the Demonspawn Abyssal Knight began the quest for
                  | the Orb.
     0 | Abyss:1  | Reached XP level 1. HP: 18/18 MP: 2/2
     8 | D:1      | Escaped the Abyss
    52 | D:1      | Reached skill level 1 in Dodging
   143 | D:1      | Reached ** piety under Lugonu
   200 | D:1      | Gained mutation: You regenerate a little health from kills.
                  | [demonic ancestry]
   200 | D:1      | Reached XP level 2. HP: 21/24 MP: 4/4
   338 | D:1      | Found a faded altar of an unknown god.
   339 | D:1      | Upgraded the game from 0.29-a0-555-g3b24f45cc1 to
                  | 0.29-a0-559-g359e09b9d1
   676 | D:1      | Gained mutation: You have a small tail. [demonic ancestry]
   676 | D:1      | Reached XP level 3. HP: 18/29 MP: 5/5
  1265 | D:2      | Learned a level 2 spell: Poisonous Vapours
  1269 | D:2      | Found an opulent altar of Gozag.
  1764 | D:3      | Found Upnietacs's Jewellery Boutique.
  1780 | D:3      | Gained mutation: You regenerate magic rapidly. [demonic
                  | ancestry]
  1780 | D:3      | Reached XP level 4. HP: 35/35 MP: 6/6
  1952 | D:3      | HP: 1/35 [orc/+0 hand axe (5)]
  1955 | D:3      | Slain by an orc

Illustrated notes

Levels and vault maps discovered:
D:1:      scummos_arrival_hexagon, layout_loops_ring,
          hellmonk_ecumenical_altar_pennies_from_heaven
D:2:      layout_rooms, basic_altar
D:3:      layout_basic, elyvilon_altar_3, serial_shops, nicolae_shop_stone,
          corexii_corridor_pit, saegor_snake_ambush

Skill      XL: |  1  2 |
---------------+-------+-----
Dodging        | 1 |  1.7
Maces & Flails | 2 |  2.3
Armour         | 2 |  2.3
Invocations    | 3 |  3.3
Fighting       | |  3.4

Action                   |  1- 3 |  4- 6 || total
-------------------------+-------+-------++-------
Melee: Mace              |   113 |     8 ||   121
       Tailslap          |     5 |       ||     5
Invok: Depart the Abyss  |     1 |       ||     1
  Use: Scroll            |     6 |     1 ||     7
 Stab: Sleeping          |     1 |       ||     1
Armor: Leather armour    |    16 |       ||    16
       Ring mail         |    28 |     9 ||    37
Dodge: Dodged            |    48 |    11 ||    59

Table legend: (Time is in decaauts)
 A = Elapsed time spent in this place.
 B = Non-inter-level travel time spent in this place.
 C = Inter-level travel time spent in this place.
 D = Time resting spent in this place.
 E = Time spent auto-exploring this place.
 F = Levels seen in this place.
 G = Mean time per level.
                   A        B        C        D        E       F      G
               +--------+--------+--------+--------+--------+-----+--------+
         Total |   1999 |   1999 |      0 |      0 |   1310 |   4 |  499.8 |
       Dungeon |   1991 |   1991 |      0 |      0 |   1310 |   3 |  663.7 |
         Abyss |      8 |      8 |      0 |      0 |      0 |   1 |    8.0 |
               +--------+--------+--------+--------+--------+-----+--------+

Top non-repeatable levels by time:
     D:1: 973 daAuts
     D:3: 522 daAuts
     D:2: 495 daAuts
 Abyss:1: 8 daAuts
